| TOP OF THE 1ST |
|
Ogden Raptors batting - Pitching for Helena Brewers : LHP Nolan Stefanski
|
|
Pitching: LHP Nolan Stefanski
|
|
|
Batting: SHB Darius Vinson
|
0-0: Called Strike 0-1: Fly out, F8 (Flyball, 8LXD, EV 107.5 MPH)
|
|
Batting: LHB Santiago Chavira
|
0-0: Ground out 5-3 (Groundball, 56, EV 100.6 MPH)
|
|
Batting: RHB Junro Kato
|
0-0: Ball 1-0: Called Strike 1-1: Called Strike 1-2: Foul Ball, location: 2F 1-2: Foul Ball, location: 2F 1-2: Foul Ball, location: 2F 1-2: Foul Ball, location: 2F 1-2: Ball 2-2: Ball 3-2: Foul Ball, location: 2F 3-2: Fly out, F8 (Flyball, 8RD, EV 106.2 MPH)
|
| Top of the 1st over - 0 runs, 0 hits, 0 errors, 0 left on base; Ogden 0 - Helena 0 |
| BOTTOM OF THE 1ST |
|
Helena Brewers batting - Pitching for Ogden Raptors : RHP Cory Fischer
|
|
Pitching: RHP Cory Fischer
|
|
|
Batting: RHB Nick Cummings
|
0-0: Ball 1-0: Foul Ball, location: 2F 1-1: Fly out, F9 (Flyball, 89M, EV 80.6 MPH)
|
|
Batting: SHB Mike Williams
|
0-0: Ball 1-0: SINGLE (Groundball, 56D, EV 101.2 MPH)
|
|
Batting: LHB Gabe Harvey
|
0-0: Grounds into double play, 6-4-3 (Groundball, 6M, EV 106.2 MPH)
|
| Bottom of the 1st over - 0 runs, 1 hit, 0 errors, 0 left on base; Ogden 0 - Helena 0 |
| TOP OF THE 2ND |
|
Ogden Raptors batting - Pitching for Helena Brewers : LHP Nolan Stefanski
|
|
Batting: LHB Mike Dickinson
|
0-0: Called Strike 0-1: Ball 1-1: Foul Ball, location: 2F 1-2: Ground out 6-3 (Groundball, P, EV 78.1 MPH)
|
|
Batting: LHB Mitchell Casey
|
0-0: Ball 1-0: Ball 2-0: Swinging Strike 2-1: Called Strike 2-2: Foul Ball, location: 2F 2-2: Ground out 5-3 (Groundball, 56, EV 83.1 MPH)
|
|
Batting: LHB Stephen Van Raalte
|
0-0: Called Strike 0-1: Swinging Strike 0-2: Ball 1-2: Foul Ball, location: 2F 1-2: Foul Ball, location: 2F 1-2: DOUBLE (Line Drive, 78M, EV 103.1 MPH)
|
|
Batting: RHB Kevin Ezell
|
0-0: Ball 1-0: DOUBLE (Groundball, 5L, EV 110.6 MPH) Stephen Van Raalte scores
|
|
Batting: RHB Luis Hinostroza
|
0-0: Ball Wild Pitch! Kevin Ezell to third 1-0: Called Strike 1-1: Fly out, F5 (Line Drive, 5, EV 69.4 MPH)
|
| Top of the 2nd over - 1 run, 2 hits, 0 errors, 1 left on base; Ogden 1 - Helena 0 |
| BOTTOM OF THE 2ND |
|
Helena Brewers batting - Pitching for Ogden Raptors : RHP Cory Fischer
|
|
Batting: RHB Josh Nelson
|
0-0: Ball 1-0: Called Strike 1-1: Ball 2-1: Foul Ball, location: 2F 2-2: Strikes out swinging
|
|
Batting: SHB Craig Wright
|
0-0: Foul Ball, location: 2F 0-1: Ground out 4-3 (Groundball, 4, EV 110.6 MPH)
|
|
Batting: SHB Robert Sayer
|
0-0: Ball 1-0: Ground out 4-3 (Groundball, 4, EV 104.4 MPH)
|
| Bottom of the 2nd over - 0 runs, 0 hits, 0 errors, 0 left on base; Ogden 1 - Helena 0 |
| TOP OF THE 3RD |
|
Ogden Raptors batting - Pitching for Helena Brewers : LHP Nolan Stefanski
|
|
Batting: SHB Josh Vaill
|
0-0: Called Strike 0-1: Ball 1-1: Ball 2-1: Ball 3-1: Foul Ball, location: 2F 3-2: Foul Ball, location: 2F 3-2: Base on Balls
|
|
Batting: SHB Darius Vinson
|
0-0: Called Strike 0-1: Called Strike 0-2: SINGLE (Groundball, 4D, EV 100.0 MPH) Josh Vaill to second
|
|
Batting: LHB Santiago Chavira
|
0-0: Ball 1-0: Ball 2-0: Fielders Choice at 2nd, 3-6 (Groundball, 3, EV 93.8 MPH) Josh Vaill to third
|
|
Batting: RHB Junro Kato
|
0-0: Called Strike 0-1: Reached on error, E6 (Groundball, 6MD, EV 86.2 MPH) Josh Vaill scores Santiago Chavira to second
|
|
Batting: LHB Mike Dickinson
|
0-0: Called Strike 0-1: Ball 1-1: Swinging Strike 1-2: Ball 2-2: Strikes out swinging
|
|
Batting: LHB Mitchell Casey
|
0-0: Called Strike 0-1: Called Strike 0-2: Hit by Pitch Santiago Chavira to third Junro Kato to second
|
|
Batting: LHB Stephen Van Raalte
|
0-0: Foul Ball, location: 2F 0-1: Ground out 4-3 (Groundball, 4, EV 82.5 MPH)
|
| Top of the 3rd over - 1 run, 1 hit, 1 error, 3 left on base; Ogden 2 - Helena 0 |
| BOTTOM OF THE 3RD |
|
Helena Brewers batting - Pitching for Ogden Raptors : RHP Cory Fischer
|
|
Batting: RHB Ben Taylor
|
0-0: Ball 1-0: Ground out 5-3 (Groundball, 56S, EV 64.4 MPH)
|
|
Batting: LHB Umar Matoub
|
0-0: Swinging Strike 0-1: Ball 1-1: Foul Ball, location: 2F 1-2: Ground out 1-3 (Groundball, 13S, EV 76.2 MPH)
|
|
Batting: RHB Juan Villanueva
|
0-0: Ball 1-0: Ball 2-0: SOLO HOME RUN (Line Drive, 89XD, EV 111.9 MPH), Distance : 431 ft
|
|
Batting: RHB Nick Cummings
|
0-0: Foul Ball, location: 2F 0-1: Foul Ball, location: 2F 0-2: Foul Ball, location: 2F 0-2: Ground out 6-3 (Groundball, 56, EV 80.0 MPH)
|
| Bottom of the 3rd over - 1 run, 1 hit, 0 errors, 0 left on base; Ogden 2 - Helena 1 |
| TOP OF THE 4TH |
|
Ogden Raptors batting - Pitching for Helena Brewers : LHP Nolan Stefanski
|
|
Batting: RHB Kevin Ezell
|
0-0: Hit by Pitch
|
|
Batting: RHB Luis Hinostroza
|
0-0: Ball 1-0: Ball 2-0: Ball 3-0: Base on Balls Kevin Ezell to second
|
|
Batting: SHB Josh Vaill
|
0-0: Swinging Strike 0-1: Ball 1-1: Ball 2-1: Swinging Strike 2-2: Strikes out swinging
|
|
Batting: SHB Darius Vinson
|
0-0: Called Strike 0-1: Swinging Strike 0-2: Strikes out swinging
|
|
Batting: LHB Santiago Chavira
|
0-0: Called Strike 0-1: Ball 1-1: Foul Ball, location: 2F 1-2: Ball 2-2: Foul Ball, location: 2F 2-2: TRIPLE (Line Drive, 7D, EV 101.9 MPH) Kevin Ezell scores Luis Hinostroza scores
|
|
Pitching: LHP Willis Escobedo
|
|
|
Batting: RHB Junro Kato
|
0-0: Called Strike 0-1: Ball Wild Pitch! Santiago Chavira scores 1-1: Ball 2-1: Swinging Strike 2-2: Ball 3-2: Strikes out swinging
|
| Top of the 4th over - 3 runs, 1 hit, 0 errors, 0 left on base; Ogden 5 - Helena 1 |
| BOTTOM OF THE 4TH |
|
Helena Brewers batting - Pitching for Ogden Raptors : RHP Cory Fischer
|
|
Pitching: RHP Victor Delgado
|
|
|
Batting: SHB Mike Williams
|
0-0: Ground out U3 (Groundball, 3L, EV 83.8 MPH)
|
|
Batting: LHB Gabe Harvey
|
0-0: Called Strike 0-1: Called Strike 0-2: Ball 1-2: SINGLE (Flyball, 8RS, EV 84.4 MPH)
|
|
Batting: RHB Josh Nelson
|
0-0: Ball 1-0: Foul Ball, location: 2F 1-1: SINGLE (Line Drive, 5D, EV 101.9 MPH) Gabe Harvey to second
|
|
Batting: SHB Craig Wright
|
0-0: Swinging Strike 0-1: Ball 1-1: Called Strike 1-2: Fly out, F8 (Flyball, 78S, EV 90.0 MPH)
|
|
Batting: SHB Robert Sayer
|
0-0: Called Strike 0-1: Foul Ball, location: 2F 0-2: Foul Ball, location: 2F 0-2: SINGLE (Line Drive, 89S, EV 101.2 MPH) Gabe Harvey to third Josh Nelson to second Runner from 3rd tries for Home, throw by RF and OUT! 9-2
|
| Bottom of the 4th over - 0 runs, 3 hits, 0 errors, 2 left on base; Ogden 5 - Helena 1 |
| TOP OF THE 5TH |
|
Ogden Raptors batting - Pitching for Helena Brewers : LHP Willis Escobedo
|
|
Batting: LHB Mike Dickinson
|
0-0: Called Strike 0-1: Ground out 4-3 (Groundball, 4M, EV 80.6 MPH)
|
|
Batting: LHB Mitchell Casey
|
0-0: Ball 1-0: Foul Ball, location: 2F 1-1: Fly out, F7 (Flyball, 78XD, EV 95.0 MPH)
|
|
Batting: LHB Stephen Van Raalte
|
0-0: Ball 1-0: Ball 2-0: Ball 3-0: Base on Balls
|
|
Batting: RHB Kevin Ezell
|
0-0: Called Strike 0-1: SINGLE (Line Drive, 78S, EV 85.6 MPH) Stephen Van Raalte to second
|
|
Batting: RHB Luis Hinostroza
|
0-0: Called Strike 0-1: Swinging Strike 0-2: Strikes out swinging
|
| Top of the 5th over - 0 runs, 1 hit, 0 errors, 2 left on base; Ogden 5 - Helena 1 |
| BOTTOM OF THE 5TH |
|
Helena Brewers batting - Pitching for Ogden Raptors : RHP Victor Delgado
|
|
Batting: RHB Ben Taylor
|
0-0: Called Strike 0-1: Called Strike 0-2: Foul Ball, location: 2F 0-2: Ball 1-2: Ball 2-2: Ball 3-2: Strikes out swinging
|
|
Pitching: RHP Ramon Luna
|
|
|
Batting: LHB Umar Matoub
|
0-0: Ball 1-0: Called Strike 1-1: Foul Ball, location: 2F 1-2: Foul Ball, location: 2F 1-2: Ball 2-2: Foul Ball, location: 2F 2-2: Foul Ball, location: 2F 2-2: Fly out, F8 (Flyball, 8RXD, EV 87.5 MPH)
|
|
Batting: RHB Juan Villanueva
|
0-0: Foul Ball, location: 2F 0-1: Foul Ball, location: 2F 0-2: SINGLE (Groundball, 6MD, EV 98.1 MPH)
|
|
Batting: RHB Nick Cummings
|
0-0: Ball 1-0: SINGLE (Line Drive, 56D, EV 100.6 MPH) Juan Villanueva to second
|
|
Batting: SHB Mike Williams
|
0-0: Foul Ball, location: 2F 0-1: SINGLE (Line Drive, 34D, EV 98.8 MPH) Juan Villanueva to third Nick Cummings to second Runner from 3rd tries for Home, throw by RF and OUT! 9-2
|
| Bottom of the 5th over - 0 runs, 3 hits, 0 errors, 2 left on base; Ogden 5 - Helena 1 |
| TOP OF THE 6TH |
|
Ogden Raptors batting - Pitching for Helena Brewers : LHP Willis Escobedo
|
|
Batting: SHB Josh Vaill
|
0-0: Ground out U3 (Groundball, 3, EV 90.0 MPH)
|
|
Batting: SHB Darius Vinson
|
0-0: Foul Ball, location: 2F 0-1: Ball 1-1: Swinging Strike 1-2: Strikes out swinging
|
|
Batting: LHB Santiago Chavira
|
0-0: Ball 1-0: Ball 2-0: Foul Ball, location: 2F 2-1: Foul Ball, location: 2F 2-2: Foul Ball, location: 2F 2-2: Strikes out swinging
|
| Top of the 6th over - 0 runs, 0 hits, 0 errors, 0 left on base; Ogden 5 - Helena 1 |
| BOTTOM OF THE 6TH |
|
Helena Brewers batting - Pitching for Ogden Raptors : RHP Ramon Luna
|
|
Batting: LHB Gabe Harvey
|
0-0: Fly out, F4 (Line Drive, 4, EV 65.6 MPH)
|
|
Batting: RHB Josh Nelson
|
0-0: Foul Ball, location: 2F 0-1: Called Strike 0-2: Foul Ball, location: 2F 0-2: Fly out, F8 (Flyball, 8LXD, EV 81.9 MPH)
|
|
Pitching: RHP Ian Wilson
|
|
|
Batting: SHB Craig Wright
|
0-0: Ball 1-0: Foul Ball, location: 2F 1-1: Foul Ball, location: 2F 1-2: Foul Ball, location: 2F 1-2: Ball 2-2: Reached on error, E4 (Groundball, 4S, EV 88.8 MPH)
|
|
Batting: SHB Robert Sayer
|
0-0: Ball 1-0: Ball 2-0: Ball 3-0: Base on Balls
|
|
Batting: RHB Ben Taylor
|
0-0: Ball 1-0: Ball 2-0: Ball Wild Pitch! Craig Wright to third Robert Sayer to second 3-0: Base on Balls
|
|
Batting: LHB Umar Matoub
|
0-0: Called Strike 0-1: Ball 1-1: Ball 2-1: Ground out 4-3 (Groundball, 4, EV 105.0 MPH)
|
| Bottom of the 6th over - 0 runs, 0 hits, 1 error, 3 left on base; Ogden 5 - Helena 1 |
| TOP OF THE 7TH |
|
Ogden Raptors batting - Pitching for Helena Brewers : LHP Willis Escobedo
|
|
Pitching: RHP Brian Heimerman
|
|
|
Batting: RHB Junro Kato
|
0-0: Swinging Strike 0-1: Swinging Strike 0-2: Ball 1-2: Foul Ball, location: 2F 1-2: Foul Ball, location: 2F 1-2: Strikes out swinging
|
|
Batting: LHB Mike Dickinson
|
0-0: Ball 1-0: Called Strike 1-1: Ball 2-1: Ball 3-1: Called Strike 3-2: Strikes out looking
|
|
Batting: LHB Mitchell Casey
|
0-0: Swinging Strike 0-1: Ball 1-1: Ball 2-1: Ball 3-1: Base on Balls
|
|
Batting: LHB Stephen Van Raalte
|
0-0: Called Strike 0-1: Ball 1-1: Ground out 4-3 (Groundball, 4, EV 84.4 MPH)
|
| Top of the 7th over - 0 runs, 0 hits, 0 errors, 1 left on base; Ogden 5 - Helena 1 |
| BOTTOM OF THE 7TH |
|
Helena Brewers batting - Pitching for Ogden Raptors : RHP Ian Wilson
|
|
Pitching: RHP Charles Durand
|
|
|
Batting: RHB Juan Villanueva
|
0-0: SINGLE (Groundball, 56D, EV 95.0 MPH)
|
|
Batting: RHB Nick Cummings
|
0-0: Ball 1-0: Called Strike 1-1: Ball 2-1: Ball 3-1: Base on Balls Juan Villanueva to second
|
|
Batting: SHB Mike Williams
|
0-0: SINGLE (Flyball, 89S, EV 96.2 MPH) Juan Villanueva to third Nick Cummings to second
|
|
Batting: LHB Gabe Harvey
|
0-0: SINGLE (Line Drive, 5D, EV 95.6 MPH) Juan Villanueva scores Nick Cummings to third Mike Williams to second
|
|
Batting: RHB Josh Nelson
|
0-0: Ball 1-0: Ball 2-0: GRAND SLAM HOME RUN (Flyball, 9D, EV 93.8 MPH), Distance : 366 ft
|
|
Batting: SHB Craig Wright
|
0-0: Ball 1-0: Ground out 4-3 (Groundball, 4, EV 92.5 MPH)
|
|
Pitching: RHP Justin Donovan
|
|
|
Batting: SHB Robert Sayer
|
0-0: Ball 1-0: Called Strike 1-1: Ball 2-1: Ball 3-1: Base on Balls
|
|
Batting: RHB Ben Taylor
|
0-0: Called Strike Robert Sayer steals 2nd base 0-1: Foul Ball, location: 2F 0-2: Ball 1-2: Foul Ball, location: 2F 1-2: Foul Ball, location: 2F 1-2: Ball 2-2: Ball 3-2: Foul Ball, location: 2F 3-2: Foul Ball, location: 2F 3-2: SINGLE (Groundball, 56D, EV 93.8 MPH) Robert Sayer to third Runner from 3rd tries for Home, throw by LF and OUT! 7-2 Ben Taylor to second
|
|
Batting: LHB Umar Matoub
|
0-0: Ball 1-0: Called Strike 1-1: Ball 2-1: Ball 3-1: Base on Balls
|
|
Batting: RHB Juan Villanueva
|
0-0: Called Strike 0-1: Fielders Choice at 2nd, 6-4 (Groundball, 6, EV 101.2 MPH)
|
| Bottom of the 7th over - 5 runs, 5 hits, 0 errors, 2 left on base; Ogden 5 - Helena 6 |
| TOP OF THE 8TH |
|
Ogden Raptors batting - Pitching for Helena Brewers : RHP Brian Heimerman
|
|
Pitching: RHP Guillermo Delgado
|
|
|
Batting: RHB Kevin Ezell
|
0-0: DOUBLE (Line Drive, 8LXD, EV 106.9 MPH)
|
|
Batting: RHB Luis Hinostroza
|
0-0: Ball 1-0: Ball 2-0: Ball 3-0: Base on Balls
|
|
Batting: SHB Josh Vaill
|
0-0: SINGLE (Groundball, 6D, EV 108.1 MPH) Kevin Ezell to third Luis Hinostroza to second
|
|
Batting: SHB Darius Vinson
|
0-0: Called Strike 0-1: Called Strike 0-2: Grounds into double play, 2-3 (Groundball, 2L, EV 68.1 MPH) Luis Hinostroza to third Josh Vaill to second
|
|
Batting: LHB Santiago Chavira
|
0-0: Foul Ball, location: 2F 0-1: Ground out 6-3 (Groundball, P, EV 83.8 MPH)
|
| Top of the 8th over - 0 runs, 2 hits, 0 errors, 2 left on base; Ogden 5 - Helena 6 |
| BOTTOM OF THE 8TH |
|
Helena Brewers batting - Pitching for Ogden Raptors : RHP Justin Donovan
|
|
Batting: RHB Nick Cummings
|
0-0: Called Strike 0-1: Fly out, F9 (Flyball, 9S, EV 90.0 MPH)
|
|
Batting: SHB Mike Williams
|
0-0: Ball 1-0: SINGLE (Groundball, 4MD, EV 96.9 MPH)
|
|
Batting: LHB Gabe Harvey
|
0-0: DOUBLE (Line Drive, 8LXD, EV 108.1 MPH) Mike Williams to third
|
|
Batting: RHB Josh Nelson
|
0-0: Ball 1-0: DOUBLE (Line Drive, 78M, EV 91.2 MPH) Mike Williams scores Gabe Harvey scores
|
|
Batting: SHB Craig Wright
|
0-0: Ball 1-0: Called Strike 1-1: Ball 2-1: Ball 3-1: Fly out, F7 (Flyball, 7LM, EV 82.5 MPH)
|
|
Batting: SHB Robert Sayer
|
0-0: Ball 1-0: Called Strike 1-1: Called Strike 1-2: Ball 2-2: Strikes out swinging
|
| Bottom of the 8th over - 2 runs, 3 hits, 0 errors, 1 left on base; Ogden 5 - Helena 8 |
| TOP OF THE 9TH |
|
Ogden Raptors batting - Pitching for Helena Brewers : RHP Guillermo Delgado
|
|
Pitching: LHP Juan Gonzalez
|
|
|
Batting: RHB Junro Kato
|
0-0: Ball 1-0: Swinging Strike 1-1: Ball 2-1: Foul Ball, location: 2F 2-2: Strikes out swinging
|
|
Batting: LHB Mike Dickinson
|
0-0: Ball 1-0: Called Strike 1-1: SINGLE (Flyball, 5D, EV 86.9 MPH)
|
|
Batting: LHB Mitchell Casey
|
0-0: Ball 1-0: Ball 2-0: Swinging Strike 2-1: Swinging Strike 2-2: Foul Ball, location: 2F 2-2: Foul Ball, location: 2F 2-2: Ball 3-2: Strikes out swinging
|
|
Batting: LHB Stephen Van Raalte
|
0-0: Ball 1-0: Foul Ball, location: 2F 1-1: Ball 2-1: Ball 3-1: Called Strike 3-2: Base on Balls Mike Dickinson to second
|
|
Batting: RHB Kevin Ezell
|
0-0: Called Strike 0-1: Ball 1-1: Ball 2-1: Called Strike 2-2: Ball 3-2: Base on Balls Mike Dickinson to third Stephen Van Raalte to second
|
|
Batting: RHB Luis Hinostroza
|
0-0: Foul Ball, location: 2F 0-1: Ball 1-1: Ball 2-1: Foul Ball, location: 2F 2-2: Ball 3-2: GRAND SLAM HOME RUN (Flyball, 89XD, EV 102.5 MPH), Distance : 413 ft
|
|
Pitching: RHP Dave Hotaling
|
|
|
Batting: SHB Josh Vaill
|
0-0: Foul Ball, location: 2F 0-1: Foul Ball, location: 2F 0-2: Foul Ball, location: 2F 0-2: Ball 1-2: Fly out, F7 (Flyball, 78XD, EV 112.5 MPH)
|
| Top of the 9th over - 4 runs, 2 hits, 0 errors, 0 left on base; Ogden 9 - Helena 8 |
| BOTTOM OF THE 9TH |
|
Helena Brewers batting - Pitching for Ogden Raptors : RHP Justin Donovan
|
|
Batting: RHB Ben Taylor
|
0-0: Called Strike 0-1: Ball 1-1: Ball 2-1: Ball 3-1: Called Strike 3-2: Foul Ball, location: 2F 3-2: Foul Ball, location: 2F 3-2: Base on Balls
|
|
Batting: LHB Umar Matoub
|
0-0: Reached on error, E4 (Groundball, 4, EV 81.9 MPH) Ben Taylor to second
|
|
Pinch Runner at 2nd David Lass:
|
|
|
Batting: RHB Juan Villanueva
|
0-0: Called Strike 0-1: Called Strike 0-2: Foul Ball, location: 2F 0-2: Ball 1-2: Strikes out swinging
|
|
Batting: RHB Nick Cummings
|
0-0: SINGLE (Groundball, 6D, EV 100.0 MPH) David Lass to third Umar Matoub to second Runner from 3rd tries for Home, throw by CF and OUT! 8-2 Umar Matoub to third Nick Cummings to second
|
|
Batting: SHB Mike Williams
|
0-0: Fly out, F9 (Line Drive, 9D, EV 101.9 MPH)
|
| Bottom of the 9th over - 0 runs, 1 hit, 1 error, 2 left on base; Ogden 9 - Helena 8 |
|